 Dungeon Crawl Stone Soup version 0.31-a0-654-gbe3e110b4e (webtiles) character file.

Game seed: 15884821970050492129

14007 LobsterGuardian the Unseen (level 11, -16/53 HPs)
             Began as a Spriggan Enchanter on Aug 29, 2023.
             Was an Elder of Dithmenos.
             Killed by divine providence
             ... invoked by a smoke demon
             ... summoned by a kobold demonologist
              (17 damage)
             ... on level 12 of the Dungeon.
             The game lasted 00:50:22 (12814 turns).

LobsterGuardian the Unseen (Spriggan Enchanter)    Turns: 12814, Time: 00:50:22

Health: -16/53     AC:  9    Str:  4    XL:     11   Next: 83%
Magic:  9/22       EV: 22    Int: 17    God:    Dithmenos [****..]
Gold:   594        SH:  5    Dex: 20    Spells: 9/24 levels left

rFire   . . .        y - +4 dagger (vamp)
rCold   + . .        o - +0 buckler
rNeg    . . .        A - +0 steam dragon scales
rPois   +            d - +2 hat
rElec   .            v - +1 cloak {rPois}
rCorr   .            (gloves unavailable)
SInv    +            (boots unavailable)
Will    ++...        f - amulet of magic regeneration
Stlth   +++++++++    n - ring of protection from cold
HPRegen 0.28/turn    b - ring of flight
MPRegen 0.58/turn

%: no passive effects
@: confusing by touch, enlightened, flying, wreathed by umbra, very quick
A: very small, no large weapons, unfitting armour, see invisible, speed 3,
antennae 1, robust 1
a: Renounce Religion, Shadow Step


You were on level 12 of the Dungeon.
You worshipped Dithmenos.
Dithmenos was greatly pleased with you.
You visited 2 branches of the dungeon, and saw 13 of its levels.

You collected 594 gold pieces.

Inventory:

Hand Weapons
 l - a +1 dagger of protection
 y - a +4 vampiric dagger (weapon)
Missiles
 m - 6 throwing nets
Armour
 d - a +2 hat (worn)
 o - a +0 buckler (worn)
 v - a +1 cloak of poison resistance (worn)
 A - +0 steam dragon scales (worn)
Jewellery
 b - a ring of flight (right hand)
 f - an amulet of magic regeneration (around neck)
 n - a ring of protection from cold (left hand)
 p - a ring of poison resistance
Wands
 u - a wand of charming (11)
 w - a wand of flame (18)
 x - a wand of polymorph (5)
Scrolls
 c - 2 scrolls of poison
 e - 2 scrolls of teleportation
 g - 2 scrolls of enchant weapon
 i - a scroll of acquirement {unknown}
 j - a scroll of vulnerability
 q - a scroll of enchant armour
 r - a scroll of fear
 t - a scroll of revelation {unknown}
 z - a scroll of immolation
Potions
 h - a potion of brilliance
 s - a potion of degeneration {unknown}
 C - a potion of cancellation {unknown}


   Skills:
 - Level 1.0 Fighting
 - Level 3.0 Short Blades
 - Level 8.0 Dodging
 - Level 15.0 Stealth
 * Level 2.0 Shields
 - Level 7.0 Spellcasting
 + Level 1.6 Conjurations
 + Level 13.5 Hexes
 + Level 5.6 Necromancy
 - Level 5.0 Ice Magic


You had 9 spell levels left.
You knew the following spells:

 Your Spells              Type           Power      Damage    Failure   Level
a - Ensorcelled Hibernat  Hex/Ice        74%        N/A       1%          2
b - Confusing Touch       Hex            51%        N/A       1%          3
c - Tukima's Dance        Hex            51%        N/A       1%          3
d - Dazzling Flash        Conj/Hex       62%        N/A       3%          3
e - Dispel Undead         Necr           25%        3d12      22%         4

Your spell library contained the following spells:

 Spells                   Type           Power      Damage    Failure   Level
 Kiss of Death            Conj/Necr      72%        2d10      4%          1
 Animate Armour           Summ/Erth      10%        N/A       91%         4
 Manifold Assault         Tloc           5%         N/A       91%         4
 Summon Lightning Spire   Summ/Air       5%         N/A       91%         4
 Lee's Rapid Deconstruct  Erth           2%         3d5*      99%         5
 Dispersal                Tloc           2%         N/A       100%        6
 Disjunction              Tloc           2%         N/A       100%        8


Dungeon Overview and Level Annotations

Branches:
Dungeon (12/15)            Temple (1/1) D:5            Lair (0/5) D:10
    Orc (0/2) D:10

Altars:
Ashenzari
Cheibriados
Dithmenos
Elyvilon
Fedhas
Gozag
Hepliaklqana
Kikubaaqudgha
Makhleb
Nemelex Xobeh
Okawaru
Qazlal
Ru
Sif Muna
Trog
Uskayaw
Vehumet
Wu Jian
Xom
Yredelemnul
Zin
The Shining One

Shops:
D:2 :   D:9 (

Annotations:
D:4 1 runed translucent door, petzl's ghost, weakling FoDe
D:10 3 runed translucent doors, Twinkles's ghost, journeyman HOBe


Innate Abilities, Weirdness & Mutations

You are very small and have problems with some larger weapons.
You are too small for most types of armour.
You have supernaturally acute eyesight. (SInv)
You cover ground extremely quickly. (Speed+++)
You have a pair of small antennae on your head.
You are robust. (+10% HP)


Message History

Okay, then.
Okay, then.
Aiming: Shadow Step
Press: ? - help, Dir - move target, f - orange demon
Aim: an orange demon (summoned, chance to confuse on hit: 37%, umbra)
You step into the orange demon's shadow.
The orange demon completely misses you. x2
The kobold demonologist hits you but does no damage.
Unknown command.
You feel better. The orange demon closely misses you.
The orange demon misses you. The smoke demon closely misses you.
The smoke demon hits you but does no damage.
The smoke demon closely misses you.
The kobold demonologist completely misses you.
The air fills with toxic fumes!
As you read the scroll labelled WORGHA RAMA, it crumbles to dust.
It was a scroll of poison.
The orange demon completely misses you. You block the orange demon's attack.
The smoke demon hits you but does no damage.
The smoke demon completely misses you. The smoke demon hits you.
* * * LOW HITPOINT WARNING * * *
The kobold demonologist hits you but does no damage.
The orange demon completely misses you. The smoke demon gestures at you.
The ball of steam hits you. You resist.
* * * LOW HITPOINT WARNING * * *
Unknown command.
There is a fountain of clear blue water here.
Things that are here:
a +0 whip; 6 poisoned darts; a kobold corpse Unknown command.
The smoke demon gestures at you. Something smites you!
* * * LOW HITPOINT WARNING * * *
Unknown command.
It was a potion of enlightenment.
You feel more buoyant. The smoke demon gestures at you. Something smites you!
You die...

.# §# #####§##
..§§§.# ##§§§.
##§§§##
###§§§§§###
###§)4K§§§§§###
#§§§)§§§@§§§§.#
#§§§3§###§§§§.#
#§§§### ###.§.#
#### #####


You could see an orange demon (summoned), a kobold demonologist and a smoke
demon (summoned).

Vanquished Creatures
  A cyclops (D:11)
  Maurice (D:8)
  Maggie (D:8)
  2 centaur skeletons (D:10)
  Psyche (D:8)
  4 kobold demonologists
  An unseen horror zombie (D:10)
  3 komodo dragons
  3 trolls
  3 shadows
  2 wraiths
  10 yaks
  A steam dragon (D:6)
  7 vampire mosquitoes (D:11)
  A wyvern (D:8)
  Grum (D:8)
  A water moccasin (D:6)
  5 orc warriors
  A sky beast (D:7)
  3 black bears
  3 ice beasts
  7 centaurs
  3 wolves (D:8)
  An ogre (D:6)
  8 kobold brigands
  A bullfrog (D:8)
  4 scorpions
  A gnoll sergeant (D:10)
  12 wights
  7 killer bees (D:9)
  3 electric eels (D:10)
  3 crimson imps (D:10)
  A centaur zombie (D:10)
  2 howler monkeys
  2 jellies (D:6)
  A gnoll bouda (D:10)
  9 hounds
  6 orc priests
  An iron imp (D:4)
  4 iguanas
  A sleepcap (D:4)
  9 orc wizards
  A spectral howler monkey (D:10)
  Robin (D:2)
  15 gnolls
  6 adders
  2 shadow imps
  3 white imps (D:10)
  3 worms
  3 dart slugs
  35 orcs
  8 ball pythons
  6 endoplasms
  2 giant cockroaches
  8 hobgoblins
  5 jackals
  17 kobolds
  A quokka (D:1)
  5 bats
  2 frilled lizards
  13 goblins
  6 rats
283 creatures vanquished.

Vanquished Creatures (collateral kills)
  A kobold brigand (D:10)
  5 wights
  An orc priest (D:6)
  3 gnolls
  A shadow imp (D:10)
  An orc (D:6)
  2 kobolds (D:8)
14 creatures vanquished.

Vanquished Creatures (others)
  11 dancing weapons
  An orc (D:10)
12 creatures vanquished.

Grand Total: 309 creatures vanquished

Notes
Turn   | Place    | Note
-------+----------+-------------------------------------------
     0 | D:1      | LobsterGuardian the Spriggan Enchanter began the quest for
                  | the Orb.
     0 | D:1      | Reached XP level 1. HP: 9/9 MP: 5/5
   305 | D:1      | Reached XP level 2. HP: 13/13 MP: 6/6
   310 | D:1      | Learned a level 2 spell: Ensorcelled Hibernation
   696 | D:1      | Found a faded altar of an unknown god.
   757 | D:1      | Reached skill level 5 in Stealth
  1090 | D:2      | Found Iqu Cos's Book Shop.
  1095 | D:2      | Reached XP level 3. HP: 16/16 MP: 5/8
  1150 | D:2      | Noticed Robin
  1393 | D:2      | Learned a level 3 spell: Confusing Touch
  1596 | D:2      | Killed Robin
  1597 | D:2      | Reached skill level 6 in Stealth
  1748 | D:2      | Reached XP level 4. HP: 21/21 MP: 9/9
  2305 | D:2      | Gained mutation: You have a pair of small antennae on your
                  | head. [potion of mutation]
  2305 | D:2      | Gained mutation: You are robust. (+10% HP) [potion of
                  | mutation]
  3244 | D:3      | Reached skill level 5 in Hexes
  3696 | D:4      | Found a snail-covered altar of Cheibriados.
  3708 | D:4      | Reached skill level 7 in Stealth
  3708 | D:4      | Reached XP level 5. HP: 26/26 MP: 6/10
  3813 | D:4      | Found a runed translucent door.
  3813 | D:4      | Noticed petzl's ghost (weakling FoDe)
  3898 | D:4      | Reached skill level 8 in Stealth
  3915 | D:4      | Reached XP level 6. HP: 24/30 MP: 2/11
  4724 | D:4      | Reached skill level 9 in Stealth
  4811 | D:5      | Entered Level 5 of the Dungeon
  4877 | D:5      | Reached XP level 7. HP: 35/35 MP: 13/13
  4879 | D:5      | Reached skill level 1 in Ice Magic
  5056 | D:5      | Reached skill level 10 in Stealth
  5160 | D:5      | Learned a level 3 spell: Tukima's Dance
  5164 | D:5      | Learned a level 3 spell: Dazzling Flash
  5234 | D:5      | Reached skill level 5 in Spellcasting
  5236 | D:5      | Reached skill level 11 in Stealth
  5236 | D:5      | Reached XP level 8. HP: 23/39 MP: 4/16
  5372 | D:5      | Found a staircase to the Ecumenical Temple.
  5385 | Temple   | Entered the Ecumenical Temple
  5401 | Temple   | Became a worshipper of Dithmenos the Shadowed
  6284 | D:6      | Reached skill level 12 in Stealth
  7010 | D:6      | Reached * piety under Dithmenos
  7055 | D:7      | Reached XP level 9. HP: 28/44 MP: 15/19
  7371 | D:7      | Reached skill level 13 in Stealth
  7738 | D:7      | Learned a level 4 spell: Dispel Undead
  7926 | D:7      | Found a radiant altar of Vehumet.
  7963 | D:7      | Reached skill level 1 in Necromancy
  8139 | D:7      | Reached skill level 14 in Stealth
  8191 | D:7      | Found a sparkling altar of Nemelex Xobeh.
  8830 | D:8      | Noticed Maurice
  8837 | D:8      | Killed Maurice
  8903 | D:8      | Reached ** piety under Dithmenos
  8911 | D:8      | Noticed Grum
  9061 | D:8      | Reached XP level 10. HP: 48/48 MP: 19/21
  9077 | D:8      | Killed Grum
  9155 | D:8      | Reached skill level 15 in Stealth
  9302 | D:8      | Noticed Psyche
  9338 | D:8      | Killed Psyche
  9598 | D:8      | Reached skill level 1 in Fighting
  9645 | D:8      | Reached skill level 10 in Hexes
  9868 | D:8      | Noticed Maggie
  9871 | D:8      | Killed Maggie
 10134 | D:9      | Reached skill level 1 in Conjurations
 10248 | D:8      | Reached skill level 5 in Dodging
 10322 | D:9      | Found Wixkuito's Weapon Emporium.
 10382 | D:10     | Entered Level 10 of the Dungeon
 10464 | D:10     | Found a runed translucent gate.
 10464 | D:10     | Found a runed translucent gate.
 10464 | D:10     | Found a runed translucent gate.
 10465 | D:10     | Noticed Twinkles's ghost (journeyman HOBe)
 10668 | D:10     | Reached *** piety under Dithmenos
 10823 | D:10     | Found a bloodstained altar of Trog.
 10867 | D:10     | Reached XP level 11. HP: 50/53 MP: 10/22
 11303 | D:10     | Found a staircase to the Lair.
 11352 | D:10     | Reached **** piety under Dithmenos
 11404 | D:10     | Reached skill level 5 in Necromancy
 11709 | D:10     | Found a staircase to the Orcish Mines.
 11816 | D:11     | Reached skill level 5 in Ice Magic
 12041 | D:11     | Found a hide-covered altar of Uskayaw.
 12334 | D:11     | Reached skill level 1 in Shields
 12813 | D:12     | HP: 1/53 [smoke demon/divine providence[a kobold
                  | demonologist] (9)]
 12814 | D:12     | Killed from afar by a smoke demon

Illustrated notes

Levels and vault maps discovered:
D:1:      wander_arrival_fairy_ring, layout_loops_corners,
          ebering_ecumenical_altar_abandoned
D:2:      layout_basic, serial_shops, nicolae_shop_hallway_plus,
          roderic_roman_lattice, uniq_robin
D:3:      layout_loops_corners
D:4:      layout_loops_ring, slow_altar_1, hellmonk_ghost_happy_afterlife
D:5:      layout_basic, minmay_temple_entry_grid
D:6:      layout_loops_ring, st_stairs_13, minivault_27
D:7:      layout_loops_corners, lemuel_round_altar, nemelex_diamond_rough_becter
D:8:      layout_basic, uniq_grum, uniq_psyche, uniq_maggie, uniq_maurice
D:9:      layout_cave_pools, serial_shops, nicolae_shop_bloodbath_and_beyond
D:10:     layout_cave_pools, trog_three_pillars_becter, david_lair_shrubbed,
          erik_orc_2, gammafunk_ghost_nasty_kobolds, kennysheep_cluttered_room,
          hangedman_weighted_door, minmay_nine_imps
D:11:     layout_small_grid, nicolae_uskayaw_murder_on_the_dancefloor
D:12:     layout_loops_corners, serial_shops, shop, kennysheep_crisscross,
          chequers_serial_rivers_micro_b, grunt_ministairs_12, uniq_sonja
Temple:   nicolae_temple_bog_church

Skill      XL: |  1  2  3  4  5  6  7  8  9 10 11 |
---------------+----------------------------------+-----
Hexes          | 4 5 6 7 9 11 13 | 13.5
Stealth        | 5 6 7 8 9 11 12 14 15 | 15.0
Spellcasting   | 3 5 6 7 |  7.0
Short Blades   | 2 3 |  3.0
Dodging        | 3 4 5 8 |  8.0
Ice Magic      | 1 2 4 5 |  5.0
Necromancy     | 2 4 5 |  5.6
Fighting       | 1 |  1.0
Conjurations   | 1 |  1.6
Shields        | 2 |  2.0

Action                     |  1- 3 |  4- 6 |  7- 9 | 10-12 || total
---------------------------+-------+-------+-------+-------++-------
  Melee: Dagger            |    75 |   130 |   137 |   327 ||   669
         Punch             |     1 |     2 |     2 |     7 ||    12
   Cast: Ensorcelled Hiber |    24 |    49 |    49 |    93 ||   215
         Confusing Touch   |       |     2 |     8 |    14 ||    24
         Tukima's Dance    |       |       |    30 |    21 ||    51
         Dazzling Flash    |       |       |     6 |    16 ||    22
         Dispel Undead     |       |       |       |    16 ||    16
 Invoke: Shadow Step       |       |       |       |     1 ||     1
    Use: Scroll            |     2 |     5 |     5 |     8 ||    20
         Potion            |     1 |     1 |     4 |     3 ||     9
   Stab: Sleeping          |    25 |    45 |    46 |    70 ||   186
         Distracted        |     2 |       |       |     4 ||     6
         Invisible         |     1 |       |       |     9 ||    10
         Confused          |       |       |     3 |     7 ||    10
 Armour: Robe              |    14 |    23 |     7 |     2 ||    46
         Steam dragon scal |       |       |       |    72 ||    72
  Dodge: Dodged            |    54 |    90 |   119 |   530 ||   793
  Block: Buckler           |       |       |       |    25 ||    25

Table legend: (Time is in decaauts)
 A = Elapsed time spent in this place.
 B = Non-inter-level travel time spent in this place.
 C = Inter-level travel time spent in this place.
 D = Time resting spent in this place.
 E = Time spent auto-exploring this place.
 F = Levels seen in this place.
 G = Mean time per level.
                   A        B        C        D        E       F      G
               +--------+--------+--------+--------+--------+-----+--------+
         Total |   9530 |   9096 |    434 |     77 |   6817 |  13 |  733.1 |
       Dungeon |   9509 |   9095 |    414 |     77 |   6817 |  12 |  792.4 |
        Temple |     20 |      1 |     19 |      0 |      0 |   1 |   20.0 |
               +--------+--------+--------+--------+--------+-----+--------+

Top non-repeatable levels by time:
     D:7: 1120 daAuts
    D:10: 1114 daAuts
     D:8: 1111 daAuts
     D:3: 1074 daAuts
     D:6: 912 daAuts
     D:1: 899 daAuts
     D:2: 809 daAuts
    D:11: 749 daAuts
     D:4: 748 daAuts
     D:5: 739 daAuts
     D:9: 193 daAuts
    D:12: 36 daAuts
  Temple: 20 daAuts
